 Dungeon Crawl Stone Soup version 0.32-a0-5-gbffa963729 (webtiles) character file.

Game seed: 9020514111177372699

3347753 jt the Warrior (level 23, 233/233 (237) HPs)
             Began as an Armataur Alchemist on Jan 13, 2024.
             Was the Champion of Jiyva.
             Escaped with the Orb
             ... and 3 runes
             ... and 6 gems!
             The game lasted 03:06:57 (27891 turns).

jt the Warrior (Armataur Alchemist)                Turns: 27891, Time: 03:06:57

HP:   233/233 (237) AC: 43    Str: 40      XL:     23   Next: 24%
MP:   10/10         EV:  8    Int: 18 (21) God:    Jiyva [******]
Gold: 3434          SH: 14    Dex: 10 (13) Spells: 18/40 levels left

rFire   + + +        a - +6 eveningstar (antimagic)
rCold   . . .        B - +0 kite shield {reflect}
rNeg    + . .        n - +8 chain mail "Led Ydi" {Str+5 Int+3}
rPois   +            A - +1 hat {Stlth+}
rElec   +            P - +2 cloak {rCorr}
rCorr   +            q - +0 pair of gloves "Yducw" {rF- rN+ Str+5}
SInv    .            y - +4 barding {rF+}
Will    ++...        p - amulet of Vitality {RegenMP++ Regen++} Stlth
                     D - ring "Ceawna" {rC+ Will+ Str+6}
HPRegen 3.78/turn    r - ring of Doubt {+Blink rElec rPois rF+ rC- Str+6}
MPRegen 1.72/turn

%: reflection, clarity, roll
@: studying 2 skills, lightly drained
A: large, deformed body, tough skin 3, armoured tail, roll 2, horns 2, talons 2,
iridescent scales 1, clarity, dopey 1, fire resistance 3, low MP 1, robust 1,
screaming 1, wild magic 1, eyeballs 1, gelatinous body 1, pseudopods 3, jelly
sensing items, inability to drink after injury 1
0: Orb of Zot
}: 3/15 runes: decaying, serpentine, slimy
a: Renounce Religion, Evoke Blink, Oozemancy, Slimify


You escaped.
You worshipped Jiyva.
Jiyva was exalted by your worship.
You visited 10 branches of the dungeon, and saw 48 of its levels.
You visited 1 ziggurat, and saw 5 of its levels.

You collected 4392 gold pieces.
You spent 958 gold pieces at shops.

Inventory:

Hand Weapons
 a - a +6 antimagic eveningstar (weapon)
 b - a +5 morningstar of freezing
Missiles
 l - 2 curare-tipped darts
Armour
 k - the +0 plate armour of Cuze Poh {rC++ rN+ Str+3}
   (You took it off a deep elf high priest on level 3 of the Elven Halls)

   Str+3:     It affects your strength (+3).
   rC++:      It greatly protects you from cold.
   rN+:       It protects you from negative energy.
 n - the +8 chain mail "Led Ydi" (worn) {Str+5 Int+3}
   (You took it off a hell knight on level 3 of the Depths)

   Str+5:     It affects your strength (+5).
   Int+3:     It affects your intelligence (+3).
 q - the +0 pair of gloves "Yducw" (worn) {rF- rN+ Str+5}
   (You found it on level 2 of the Snake Pit)

   Str+5:     It affects your strength (+5).
   rF-:       It makes you vulnerable to fire.
   rN+:       It protects you from negative energy.
 t - +0 storm dragon scales
 y - a +4 barding of fire resistance (worn)
 A - a +1 hat of stealth (worn)
 B - a +0 kite shield of reflection (worn)
 F - a +0 pair of gloves
 J - +0 gold dragon scales
 P - a +2 cloak of preservation (worn)
Magical Staves
 M - the staff "Armataur's Peril" {rElec rC+ rN+ Necro}
   (You found it on level 5 of the Pits of Slime)

   [staff of death]

   Base accuracy: +5 Base damage: 5 Base attack delay: 1.2 This weapon's minimum
   attack delay (0.6) is reached at skill level 12.
   rC+:       It protects you from cold.
   rElec:     It insulates you from electricity.
   rN+:       It protects you from negative energy.
   Necro:     It increases the power of your Necromancy spells.
   It falls into the 'Staves' category.
   It is a one-handed weapon.
 V - the staff "Arepiun" {rElec rCorr SInv Stlth+ Summ Air}
   (You found it on level 5 of the Pits of Slime)

   [staff of air]

   Base accuracy: +5 Base damage: 5 Base attack delay: 1.2 This weapon's minimum
   attack delay (0.6) is reached at skill level 12.
   rElec:     It insulates you from electricity.
   SInv:      It lets you see invisible.
   rCorr:     It protects you from acid and corrosion.
   Stlth+:    It makes you more stealthy.
   Summ:      It increases the power of your Summonings spells.
   Air:       It increases the power of your Air spells.
   It falls into the 'Staves' category.
   It is a one-handed weapon.
Jewellery
 p - the amulet of Vitality (around neck) {RegenMP++ Regen++}
   (You found it on level 5 of the Pits of Slime)

   [amulet of magic regeneration]

   RegenMP:   It increases your rate of magic regeneration.
   Regen++:   It increases your rate of health regeneration.
 r - the ring of Doubt (right hand) {+Blink rElec rPois rF+ rC- Str+6}
   (You found it on level 5 of the Pits of Slime)

   [ring of strength]

   Str+6:     It affects your strength (+6).
   rF+:       It protects you from fire.
   rC-:       It makes you vulnerable to cold.
   rElec:     It insulates you from electricity.
   rPois:     It protects you from poison +Blink: It lets you blink.
 s - the ring of Ignis, Flying {rElec rPois Str+3 Int+6 Dex+3}
   (You found it on level 3 of the Swamp)

   [ring of intelligence]

   Str+3:     It affects your strength (+3).
   Int+6:     It affects your intelligence (+6).
   Dex+3:     It affects your dexterity (+3).
   rElec:     It insulates you from electricity.
   rPois:     It protects you from poison
 z - the ring of Yxenyt {rN+ Will+ MP+9 Str+4 Dex-3}
   (You took it off a deep elf high priest on level 3 of the Elven Halls)

   [ring of willpower]

   Str+4:     It affects your strength (+4).
   Dex-3:     It affects your dexterity (-3).
   rN+:       It protects you from negative energy.
   Will+:     It increases your willpower.
   MP+9:      It affects your magic capacity (+9).
 C - the ring "Muamief" {Will+ SInv}
   (You found it on level 2 of the Snake Pit)

   [ring of willpower]

   Will+:     It increases your willpower.
   SInv:      It lets you see invisible.
 D - the ring "Ceawna" (left hand) {rC+ Will+ Str+6}
   (You found it on level 2 of the Snake Pit)

   [ring of willpower]

   Str+6:     It affects your strength (+6).
   rC+:       It protects you from cold.
   Will+:     It increases your willpower.
 O - a ring of wizardry
Wands
 j - a wand of quicksilver (4)
 u - a wand of flame (61)
 v - a wand of polymorph (23)
 G - a wand of digging (10)
 S - a wand of charming (35)
 W - a wand of mindburst (7)
 X - a wand of iceblast (7)
Scrolls
 c - 15 scrolls of teleportation
 g - a scroll of vulnerability
 h - 2 scrolls of immolation
 K - 4 scrolls of fog
 L - a scroll of fear
 N - 2 scrolls of silence
 Q - 3 scrolls of amnesia
Potions
 d - 3 potions of magic
 e - a potion of cancellation
 f - a potion of invisibility
 i - a potion of ambrosia
 m - a potion of might
 E - 4 potions of enlightenment
 I - 3 potions of brilliance
 R - 3 potions of mutation
 U - 3 potions of lignification
 Y - 8 potions of curing
 Z - 3 potions of heal wounds
Miscellaneous
 o - a condenser vane
 H - a phial of floods


   Skills:
 - Level 20.2 Fighting
 - Level 16.0 Maces & Flails
 + Level 18.9 Armour
 - Level 4.0 Dodging
 - Level 2.1 Stealth
 + Level 20.0 Shields
 - Level 0.6 Unarmed Combat
 - Level 9.0 Spellcasting
 - Level 0.8 Conjurations
 - Level 8.0 Fire Magic
 - Level 8.0 Earth Magic
 - Level 12.0 Alchemy
 - Level 10.5 Evocations


You had 18 spell levels left.
You knew the following spells:

 Your Spells              Type           Power      Damage    Failure   Level
a - Sting                 Conj/Alch      100%       1d9       2%          1
b - Olgreb's Toxic Radia  Alch           61%        N/A       2%          4
c - Ignite Poison         Fire/Alch      55%        N/A       5%          4
d - Leda's Liquefaction   Alch/Erth      27%        N/A       5%          4
e - Sticky Flame          Fire/Alch      55%        2d10      5%          4
f - Alistair's Intoxicat  Alch           40%        N/A       7%          5

Your spell library contained the following spells:

 Spells                   Type           Power      Damage    Failure   Level
 Scorch                   Fire           94%        2d8       2%          2
 Mercury Vapours          Alch/Air       76%        N/A       4%          2
 Foxfire                  Conj/Fire      100%       2x1d9     5%          1
 Petrify                  Alch/Erth      55%        N/A       5%          4
 Cigotuvi's Dreadful Rot  Necr/Alch/Air  58%        N/A       10%         2
 Mephitic Cloud           Conj/Alch/Air  30%        N/A       16%         3
 Magic Dart               Conj           56%        1d5       21%         1
 Kiss of Death            Conj/Necr      48%        2d9       24%         1
 Shock                    Conj/Air       48%        1d6       24%         1
 Slow                     Hex            40%        N/A       28%         1
 Summon Small Mammal      Summ           40%        N/A       28%         1
 Lee's Rapid Deconstruct  Erth           23%        3d13*     28%         5
 Eringya's Noxious Bog    Alch           30%        4d6       30%         6
 Static Discharge         Conj/Air       24%        3-4/arc   34%         2
 Jinxbite                 Hex            20%        N/A       38%         2
 Sublimation of Blood     Necr           10%        N/A       38%         2
 Brom's Barrelling Bould  Conj/Erth      31%        2d5       41%         4
 Flame Wave               Conj/Fire      31%        2d9       41%         4
 Animate Armour           Summ/Erth      58%        N/A       45%         4
 Summon Blazeheart Golem  Fire/Summ      29%        N/A       45%         4
 Irradiate                Conj/Alch      20%        3d18      45%         5
 Yara's Violent Unravell  Hex/Alch       19%        3d9       52%         5
 Call Canine Familiar     Summ           10%        N/A       61%         3
 Confusing Touch          Hex            10%        N/A       61%         3
 Fugue of the Fallen      Necr           10%        N/A       61%         3
 Ozocubu's Armour         Ice            10%        N/A       61%         3
 Sigil of Binding         Hex            10%        N/A       61%         3
 Summon Ice Beast         Ice/Summ       10%        N/A       61%         3
 Swiftness                Air            10%        N/A       61%         3
 Tukima's Dance           Hex            10%        N/A       61%         3
 Vampiric Draining        Necr           10%        2d6       61%         3
 Borgnjor's Vile Clutch   Necr/Erth      14%        N/A       78%         5
 Iskenderun's Mystic Bla  Conj/Tloc      12%        2d5       90%         4
 Airstrike                Air            5%         2d(1-17)  93%         4
 Anguish                  Hex/Necr       5%         N/A       93%         4
 Cause Fear               Hex            5%         N/A       93%         4
 Dimensional Bullseye     Hex/Tloc       5%         N/A       93%         4
 Manifold Assault         Tloc           10%        N/A       93%         4
 Martyr's Knell           Necr/Summ      10%        N/A       93%         4
 Passage of Golubria      Tloc           10%        N/A       93%         4
 Summon Lightning Spire   Summ/Air       10%        N/A       93%         4
 Vhi's Electric Charge    Tloc/Air       20%        N/A       93%         4
 Arcjolt                  Conj/Air       6%         1d16      99%         5
 Freezing Cloud           Conj/Ice/Air   5%         6-21      99%         5
 Iskenderun's Battlesphe  Conj           14%        2d7       99%         5
 Bombard                  Conj/Erth      15%        9d3       99%         6
 Starburst                Conj/Fire      15%        6d6       99%         6
 Metabolic Englaciation   Hex/Ice        5%         N/A       100%        5
 Silence                  Hex/Air        5%         N/A       100%        5
 Summon Mana Viper        Hex/Summ       10%        N/A       100%        5
 Plasma Beam              Fire/Air       14%        2x1d25    100%        6
 Summon Cactus Giant      Summ           5%         N/A       100%        6
 Enfeeble                 Hex            5%         N/A       100%        7
 Monstrous Menagerie      Summ           5%         N/A       100%        7
 Orb of Destruction       Conj           7%         9d6       100%        7
 Ozocubu's Refrigeration  Ice            5%         4d8       100%        7
 Ignition                 Fire           23%        3d8       100%        8
 Lehudib's Crystal Spear  Conj/Erth      15%        10d5      100%        8
 Maxwell's Capacitive Co  Air            5%         ∞         100%        8
 Death's Door             Necr           5%         N/A       100%        9
 Polar Vortex             Ice            5%         N/A       100%        9
 Shatter                  Erth           23%        3d20*     100%        9


Dungeon Overview and Level Annotations

Branches:
Dungeon (15/15)            Temple (1/1) D:7            Lair (5/5) D:10
  Swamp (4/4) Lair:3        Snake (4/4) Lair:2        Slime (5/5) Lair:5
    Orc (2/2) D:9             Elf (3/3) Orc:2        Vaults (0/5) D:14
 Depths (4/4) D:15            Zot (5/5) Depths:4

Altars:
Ashenzari
Cheibriados
Dithmenos
Elyvilon
Fedhas
Gozag
Hepliaklqana
Kikubaaqudgha
Makhleb
Nemelex Xobeh
Okawaru
Qazlal
Ru
Sif Muna
Trog
Uskayaw
Vehumet
Wu Jian
Xom
Yredelemnul
Zin
The Shining One
Jiyva

Shops:
D:12 ?(:   Orc:2 *[(:   Snake:4 [[:

Portals:
Hell: Depths:3 Depths:4
Abyss: Depths:3
Trove: D:10 (give 7 potions of haste)

Annotations:
Lair:5 Sonja
Slime:5 Royal Jelly
Depths:3 3 runed translucent doors


Innate Abilities, Weirdness & Mutations

Armour fits poorly on your strangely shaped body.
You have extremely tough skin. (AC +3)
You have a long armoured tail.
You regenerate magic and health when rolling toward enemies. (Rampage Regen)
You have a pair of horns on your head.
You have razor-sharp toenails.
You are partially covered in iridescent scales. (AC +2)
You possess an exceptional clarity of mind.
You are dopey. (Int -2)
Your flesh is almost immune to the effects of heat. (rF+++)
Your magical capacity is low. (-10% MP)
You are robust. (+10% HP)
You occasionally shout uncontrollably at your foes.
Your spells are a little harder to cast, but a little more powerful.
Your body has grown eyes which may confuse attackers. (Acc +3)
Your rubbery body absorbs attacks. (AC +1, EV +1)
Armour fits poorly on your massive pseudopods.
You have a small jelly attached to you that senses nearby items.
You occasionally lose the ability to drink potions when taking damage.


Message History

You climb upwards.
There is a stone staircase leading down here.
You swap places.
A tormentor comes into view.
You roll towards the tormentor!
You impale the tormentor!!
The tormentor's magic leaks into the air.
Your bludgeon misses the tormentor.
The tormentor is almost dead.
You sock the tormentor!
You kill the tormentor!
What level of the Dungeon? (default 1, ? - help)
There is a stone staircase leading up here.
You hear a series of splatters.
You climb upwards.
There is a stone staircase leading down here.
There is a stone staircase leading up here.
You climb upwards.
There is a stone staircase leading down here.
There is a stone staircase leading up here.
You climb upwards.
There is a stone staircase leading down here.
You hear a distant slurping noise.
You swap places.
There is a viscous altar of Jiyva here.
There is a stone staircase leading up here.
You climb upwards.
There is a stone staircase leading down here.
A red devil comes into view. It is wielding a +0 trident.
You roll towards the red devil!
You block the red devil's attack.
You barely miss the red devil.
You stick the red devil like a pincushion!!!
You kill the red devil!
No target in view!
A sun demon comes into view.
There is a stone staircase leading up here.
You climb upwards.
There is a stone staircase leading down here.
What level of the Dungeon? (default 1, ? - help)
There is a staircase leading out of the dungeon here.
You have escaped!

#####.#.....#...#...#.....# #..
....#.#..#...#..#..#...#..### #..
....#.....#..#..#..#..#.....# ###
....##.....#..#.#.#..#......#####
....##..#...#.#.#.#.#...#........
....##...##..#.#.#.#..##.....###.
.....#.....##.#...#.##.......#...
##...#.......#.....#.........#.##
#.....######...@...######.......
#...#.......#.....#...........##
##...#.....##.#...#.##......##.##
.#...#...##..#.#.#.#..##...#...##
...###..#...#.#.#.#.#...#......+.
##.........#..#.#.#..#.........##
##..#....#..#..#..#..#........#.
##..#..#...#..#..#...#..#......
##.......#...#...#.....#.....#


There were no monsters in sight!

Vanquished Creatures
  A dread lich (Zot:1)
  4 ancient liches
  6 orbs of fire
  4 juggernauts (Depths:3)
  A curse toe (Zot:5)
  3 Killer Klowns (Zot:5)
  2 caustic shrikes (Depths:3)
  the Lernaean hydra (Swamp:4)
  5 golden dragons
  Nikola (Snake:4)
  3 bone dragons
  The ghost of Eseiphumn the Warrior, an adept MeFi of Zin (Elf:1)
  3 electric golems
  23 Orb Guardians
  A quicksilver dragon (Zot:3)
  6 tentacled monstrosities
  3 deep elf blademasters
  A lich (Depths:3)
  A walking divine tome (Depths:3)
  A titan (Depths:3)
  2 deep elf master archers (Elf:3)
  6 sphinxes (Depths:3)
  4 death cobs
  8 shadow dragons
  4 draconian monks
  2 thorn hunters (Swamp:4)
  3 tengu reavers (Depths:3)
  8 nagarajas (Snake:4)
  The ghost of Joboecuu the Fighter, a journeyman MiFi of Okawaru (Elf:1)
  2 iron dragons (Depths:3)
  13 fire giants
  3 draconian scorchers
  3 storm dragons
  17 frost giants
  2 draconian shifters
  6 deep elf sorcerers (Elf:3)
  A draconian knight (Zot:1)
  3 deep elf elementalists
  An orc warlord (Orc:2)
  A spriggan defender (Depths:3)
  A draconian stormcaller (Zot:3)
  10 very ugly things (Depths:3)
  3 draconian annihilators
  11 stone giants
  6 green draconians
  A demonspawn black sun (Zot:5)
  5 vampire knights
  13 black draconians
  8 deep elf demonologists
  7 deep elf death magi
  2 eleionomae
  3 white draconians
  6 deep elf annihilators (Elf:3)
  6 spark wasps
  5 bunyips
  A war gargoyle (D:13)
  6 purple draconians
  2 bennus (Zig:4)
  4 yellow draconians
  4 red draconians
  A blizzard demon (Zot:5)
  Snorg (Lair:5)
  13 ettins
  Josephine (D:14)
  3 deep elf high priests
  8 rakshasas
  A shambling mangrove (Zig:2)
  4 fire dragons
  16 hydras
  3 catoblepae
  8 ice dragons
  2 ogre magi
  2 salamander tyrants
  4 boulder beetles
  A ghost crab (Swamp:2)
  3 spriggan air magi (Depths:3)
  8 two-headed ogres
  13 anacondas
  10 centaur warriors
  6 alligators
  28 dancing weapons
  A tengu warrior (Depths:3)
  14 naga warriors
  A death scarab (Zig:4)
  5 orc high priests
  17 death yaks
  3 hell knights (Depths:3)
  4 deep troll shamans
  2 occultists
  9 shock serpents
  19 deep elf knights
  A storm dragon zombie (Zot:1)
  3 deep troll earth magi
  11 naga sharpshooters
  2 spriggan berserkers (Depths:3)
  An iron troll (Depths:4)
  4 soul eaters
  2 spriggans
  A sun demon (Zot:1)
  2 salamander mystics
  4 skeletal warriors
  A storm dragon skeleton (Zot:1)
  2 wretched stars (Zig:3)
  4 goliath frogs
  3 flayed ghosts (Depths:3)
  16 mana vipers
  A death drake (Swamp:4)
  2 skysharks
  13 swamp dragons
  A deep troll (Depths:4)
  A spriggan druid (Swamp:3)
  8 naga ritualists
  An obsidian statue (Snake:2)
  5 sea snakes (Snake:4)
  A shadow dragon zombie (Zot:1)
  A lindwurm (Lair:5)
  2 bog bodies (Swamp:2)
  34 deep elf pyromancers
  11 deep elf archers
  A phantasmal warrior (D:13)
  24 ugly things
  2 orc knights (Orc:2)
  4 orc sorcerers
  26 deep elf zephyrmancers
  9 cyclopes
  4 will-o-the-wisps
  2 manticores (D:13)
  14 salamanders
  5 oklob plants
  12 moths of wrath
  A draconian skeleton (Zot:1)
  42 black mambas
  A meliai (D:13)
  2 elephants (Lair:5)
  The ghost of Storm the Shield-Bearer, a novice MiFi of Trog (D:6)
  A fire giant skeleton (Zig:4)
  2 kobold blastminers (Orc:2)
  12 naga magi
  7 guardian serpents
  A torpor snail (Lair:2)
  A gargoyle (D:13)
  3 rime drakes
  2 efreet (D:13)
  An unseen horror (shapeshifter) (D:13)
  2 hellions
  An unseen horror (D:12)
  15 cane toads
  7 komodo dragons
  6 large abominations
  A yaktaur (D:13)
  A kobold demonologist (D:10)
  A tormentor (D:6)
  A tengu conjurer (D:13)
  A moth of wrath zombie (Zot:1)
  7 tyrant leeches
  A red devil (D:2)
  2 polar bears
  A queen bee (shapeshifter) (D:13)
  9 trolls
  A glass eye (Depths:4)
  A bloated husk (Swamp:1)
  A wolf spider simulacrum (D:15)
  4 dream sheep (Lair:5)
  4 hornets
  14 blink frogs
  A raiju (Zig:3)
  6 air elementals
  A shadow (D:11)
  5 wraiths
  A spriggan (shapeshifter) (D:15)
  2 water elementals (Elf:3)
  A vampire (D:13)
  6 wyverns
  4 ynoxinuls
  An ushabti (Zig:4)
  2 steam dragons (D:9)
  5 basilisks
  4 fire elementals
  30 yaks
  A neqoxec (Zot:4)
  4 vampire mosquitoes
  Menkaure (D:5)
  27 nagas
  14 swamp worms
  3 acid dragons
  A two-headed ogre zombie (D:9)
  20 water moccasins
  22 orc warriors
  A sky beast (D:8)
  10 swamp drakes
  A black bear (Lair:5)
  An ice beast (D:6)
  2 laughing skulls (D:15)
  12 ogres
  17 centaurs
  17 wolves
  3 boggarts (D:14)
  A phantom (D:6)
  5 elf zombies (Elf:1)
  A kobold brigand (D:8)
  A gnoll sergeant (D:6)
  6 bullfrogs
  4 scorpions
  4 earth elementals
  12 wights
  14 killer bees
  A howler monkey (D:7)
  2 electric eels
  A lava snake (Lair:2)
  2 bombardier beetles
  4 quasits (D:6)
  10 orc priests
  A gnoll bouda (D:6)
  3 hounds (D:5)
  2 sleepcaps (D:5)
  2 iguanas
  3 hell rats (D:10)
  20 orc wizards
  7 ogre zombies (D:9)
  5 mummies (Zig:4)
  13 gnolls
  2 river rats (D:10)
  10 adders
  A white imp (D:5)
  11 ufetubi
  2 ribbon worms
  2 dart slugs
  56 orcs
  4 endoplasms
  A giant cockroach (D:3)
  6 gnoll zombies (D:9)
  29 goblins
  17 hobgoblins
  8 quokkas
  6 ball pythons
  5 bats
  3 frilled lizards
  5 gnoll skeletons (D:9)
  6 kobolds
  2 orc skeletons (D:9)
  8 orc zombies (D:9)
  4 rats
1413 creatures vanquished.

Vanquished Creatures (collateral kills)
  A hydra (Lair:5)
  A dancing weapon (Elf:2)
  2 dream sheep (Lair:5)
4 creatures vanquished.

Vanquished Creatures (others)
  A fire giant (D:13)
  A great orb of eyes (D:13)
  A centaur warrior (D:14)
  A spriggan berserker (Depths:3)
  A deep elf pyromancer (D:12)
  A deep elf zephyrmancer (Elf:1)
  A naga mage (Snake:2)
  A glass eye (Depths:3)
  A polar bear (shapeshifter) (D:14)
  2 bloated husks
  2 slime creatures (D:13)
  2 nagas
  A water moccasin (Lair:2)
  A swamp drake (Swamp:4)
  An ogre (shapeshifter) (Depths:3)
  An ogre (D:4)
  A wight (D:6)
  2 hounds
  132 jellies
  2 orc priests
  7 gnolls
  2 adders
  A shadow imp (D:6)
  12 orcs
  An endoplasm (D:4)
  A giant cockroach (D:4)
  A gnoll zombie (D:9)
  3 goblins (D:4)
  7 hobgoblins (D:4)
  A quokka (D:10)
  A frilled lizard (D:3)
  A gnoll skeleton (D:9)
  4 kobolds (D:4)
  2 orc zombies (D:9)
  A rat (D:10)
  8 foxfires
209 creatures vanquished.

Grand Total: 1626 creatures vanquished

Notes
Turn   | Place    | Note
-------+----------+-------------------------------------------
     0 | D:1      | jt the Armataur Alchemist began the quest for the Orb.
     0 | D:1      | Reached XP level 1. HP: 14/14 MP: 3/3
   283 | D:1      | Reached XP level 2. HP: 17/22 MP: 4/4
   455 | D:1      | Reached skill level 1 in Armour
   770 | D:2      | Identified the +0 pair of boots of Surprise {+Inv rPois
                  | Int-3 Stlth+}
   808 | D:2      | Reached skill level 1 in Fighting
   887 | D:2      | Reached XP level 3. HP: 28/28 MP: 5/5
  1291 | D:2      | Reached skill level 1 in Maces & Flails
  1733 | D:3      | Reached XP level 4. HP: 31/35 MP: 6/6
  2125 | D:3      | Found a faded altar of an unknown god.
  2133 | D:3      | Prayed at the altar of an unknown god.
  2133 | D:3      | Became a worshipper of Jiyva Jiolyqui the Shapeless
  2133 | D:3      | Reached * piety under Jiyva
  2458 | D:3      | Found a hide-covered altar of Uskayaw.
  2458 | D:3      | Found an ancient bone altar of Kikubaaqudgha.
  2704 | D:4      | Noticed a scorpion
  2707 | D:4      | Killed a scorpion
  2708 | D:4      | Reached skill level 1 in Evocations
  2708 | D:4      | Reached XP level 5. HP: 42/42 MP: 7/7
  2774 | D:4      | Reached ** piety under Jiyva
  2867 | D:4      | Gained mutation: Your magical capacity is low. (-10% MP)
                  | [potion of mutation]
  2867 | D:4      | Gained mutation: Your spells are a little harder to cast,
                  | but a little more powerful. [potion of mutation]
  2867 | D:4      | Lost mutation: Your magical capacity is low. (-10% MP)
                  | [potion of mutation]
  2867 | D:4      | Gained mutation: You are strong-willed. (Will+) [potion of
                  | mutation]
  3208 | D:4      | Reached XP level 6. HP: 49/50 MP: 8/8
  3953 | D:5      | Entered Level 5 of the Dungeon
  3954 | D:5      | Identified a scroll of acquirement
  3988 | D:5      | Noticed Menkaure
  4000 | D:5      | Killed Menkaure
  4013 | D:5      | Acquired a +2 barding of fire resistance
  4048 | D:5      | Reached *** piety under Jiyva
  4063 | D:5      | Gained mutation: You regenerate magic and health when
                  | rolling toward enemies. (Rampage Regen) [Armataur growth]
  4063 | D:5      | Reached XP level 7. HP: 58/58 MP: 9/9
  4282 | D:5      | Lost mutation: Your spells are a little harder to cast, but
                  | a little more powerful. [Jiyva's grace]
  4282 | D:5      | Gained mutation: You have a small jelly attached to you
                  | that senses nearby items. [Jiyva's grace]
  4282 | D:5      | Gained mutation: Your tail ends in a venomous barb.
                  | [Jiyva's grace]
  4282 | D:5      | Gained mutation: Your tail ends in a sharp venomous barb.
                  | [Jiyva's grace]
  4282 | D:5      | Gained mutation: Your tail ends in a wickedly sharp and
                  | venomous barb. [Jiyva's grace]
  4846 | D:6      | Found a transporter.
  4887 | D:6      | Reached XP level 8. HP: 67/67 MP: 10/10
  4911 | D:6      | Reached skill level 5 in Fighting
  5042 | D:6      | Found a transporter.
  5050 | D:6      | Noticed Storm's ghost (novice MiFi)
  5057 | D:6      | Reached skill level 5 in Maces & Flails
  5059 | D:6      | Killed Storm's ghost
  5060 | D:6      | Reached skill level 5 in Armour
  5573 | D:6      | Noticed a two-headed ogre
  5579 | D:6      | Reached XP level 9. HP: 58/78 MP: 8/11
  5580 | D:6      | Killed a two-headed ogre
  5711 | D:7      | Found a staircase to the Ecumenical Temple.
  5733 | Temple   | Entered the Ecumenical Temple
  5799 | D:7      | Found a snail-covered altar of Cheibriados.
  5960 | D:7      | Noticed a troll
  5967 | D:7      | Killed a troll
  6076 | D:7      | Reached **** piety under Jiyva
  6330 | D:7      | Found an opulent altar of Gozag.
  6763 | D:8      | Lost mutation: Your tail ends in a wickedly sharp and
                  | venomous barb. [Jiyva's grace]
  6763 | D:8      | Gained mutation: You have a small jelly attached to you
                  | that may absorb projectiles. [Jiyva's grace]
  6763 | D:8      | Gained mutation: You possess an exceptional clarity of
                  | mind. [Jiyva's grace]
  6763 | D:8      | Gained mutation: Your muscles are strong. (Str +4, Int/Dex
                  | -1) [Jiyva's grace]
  6763 | D:8      | Gained mutation: Your muscles are very strong. (Str +8,
                  | Int/Dex -2) [Jiyva's grace]
  6802 | D:8      | Reached XP level 10. HP: 90/90 MP: 12/12
  7142 | D:8      | Reached ***** piety under Jiyva
  8020 | D:9      | Identified the beast talisman "Viluda" {rF- rN+ Int+8
                  | Dex+2}
  8242 | D:9      | Found a staircase to the Orcish Mines.
  8648 | D:10     | Entered Level 10 of the Dungeon
  8683 | D:10     | Noticed a two-headed ogre
  8689 | D:10     | Killed a two-headed ogre
  8690 | D:10     | Reached skill level 10 in Fighting
  8838 | D:10     | Found a portal to a secret trove of treasure.
  8843 | D:10     | Reached ****** piety under Jiyva
  8861 | D:10     | Noticed a death yak
  8862 | D:10     | Found a staircase to the Lair.
  8921 | D:10     | Gained mutation: Your rubbery body absorbs attacks. (AC +1,
                  | EV +1) [Jiyva's grace]
  8921 | D:10     | Gained mutation: Your pliable body absorbs attacks. (AC +2,
                  | EV +2) [Jiyva's grace]
  8921 | D:10     | Gained mutation: Your gelatinous body deflects attacks. (AC
                  | +3, EV +3) [Jiyva's grace]
  8921 | D:10     | Gained mutation: Your translucent skin slightly reduces
                  | your foes' accuracy. (Stealth+) [Jiyva's grace]
  8926 | D:10     | Noticed a death yak
  9000 | D:10     | Reached skill level 10 in Maces & Flails
  9000 | D:10     | Reached XP level 11. HP: 100/100 MP: 14/14
  9023 | D:10     | Identified the +1 sling of the Howling Firefly {heavy,
                  | *Corrode rN+ Dex+2}
  9123 | D:10     | Noticed a death yak
  9131 | D:10     | Killed a death yak
  9136 | D:10     | Killed a death yak
  9137 | D:10     | Reached skill level 5 in Alchemy
  9139 | D:10     | Killed a death yak
  9414 | Lair:1   | Entered Level 1 of the Lair of Beasts
  9979 | Lair:2   | Noticed a death yak
  9979 | Lair:2   | Noticed a death yak
 10006 | Lair:2   | Learned a level 4 spell: Olgreb's Toxic Radiance
 10117 | Lair:4   | Lost mutation: Your tail ends in a sharp venomous barb.
                  | [Jiyva's grace]
 10117 | Lair:4   | Lost mutation: You possess an exceptional clarity of mind.
                  | [Jiyva's grace]
 10117 | Lair:4   | Gained mutation: Your body has grown eyes which may confuse
                  | attackers. (Acc +3) [Jiyva's grace]
 10117 | Lair:4   | Gained mutation: Your body has grown many eyes which may
                  | confuse attackers. (Acc +5) [Jiyva's grace]
 10117 | Lair:4   | Gained mutation: Your body is covered in eyes which may
                  | confuse attackers. (Acc +7, SInv) [Jiyva's grace]
 10117 | Lair:4   | Gained mutation: You are robust. (+10% HP) [Jiyva's grace]
 10139 | Lair:4   | Reached XP level 12. HP: 123/123 MP: 15/15
 10254 | Lair:5   | Entered Level 5 of the Lair of Beasts
 10368 | Lair:5   | Noticed a death yak
 10368 | Lair:5   | Noticed a death yak
 10368 | Lair:5   | Noticed a death yak
 10368 | Lair:5   | Noticed a catoblepas
 10376 | Lair:5   | Killed a death yak
 10378 | Lair:5   | Noticed a death yak
 10381 | Lair:5   | Noticed a death yak
 10392 | Lair:5   | Killed a death yak
 10394 | Lair:5   | Killed a death yak
 10396 | Lair:5   | Killed a death yak
 10403 | Lair:5   | Killed a death yak
 10403 | Lair:5   | Killed a catoblepas
 10421 | Lair:5   | Noticed a deep troll shaman
 10428 | Lair:5   | Killed a deep troll shaman
 10442 | Lair:5   | Got an earthy gem with 2753 turns to spare
 10505 | Lair:5   | Noticed a death yak
 10505 | Lair:5   | Noticed a death yak
 10507 | Lair:5   | Noticed a death yak
 10516 | Lair:5   | Killed a death yak
 10522 | Lair:5   | Killed a death yak
 10532 | Lair:5   | Killed a death yak
 10546 | Lair:5   | Noticed an eight-headed hydra
 10547 | Lair:5   | Noticed a five-headed hydra
 10727 | Lair:5   | Noticed a six-headed hydra
 10737 | Lair:5   | Killed a six-headed hydra
 10738 | Lair:5   | Reached XP level 13. HP: 119/134 MP: 17/17
 10791 | Lair:5   | Noticed Sonja
 10924 | Lair:5   | Noticed Snorg
 10928 | Lair:5   | Killed Snorg
 10929 | Lair:5   | Found a viscous altar of Jiyva.
 10929 | Lair:5   | Found a staircase to the Slime Pits.
 10953 | Slime:1  | Entered Level 1 of the Pits of Slime
 11122 | Slime:3  | Noticed an acid blob
 11122 | Slime:3  | Noticed an azure jelly
 11129 | Slime:4  | Noticed an acid blob
 11134 | Slime:5  | Entered Level 5 of the Pits of Slime
 11137 | Slime:5  | Noticed an azure jelly
 11148 | Slime:5  | Noticed an acid blob
 11149 | Slime:5  | Noticed an acid blob
 11149 | Slime:5  | Noticed an acid blob
 11156 | Slime:5  | Found the +11 Singing Sword {sonic wave}
 11158 | Slime:5  | Found the amulet of Vitality {RegenMP++ Regen++}
 11167 | Slime:5  | Noticed the Royal Jelly
 11168 | Slime:5  | Got the Handbook of Noxious Cold
 11169 | Slime:5  | Identified the ring of Doubt {+Blink rElec rPois rF+ rC-
                  | Str+6}
 11171 | Slime:5  | Noticed a quicksilver ooze
 11174 | Slime:5  | Found a viscous altar of Jiyva.
 11176 | Slime:5  | Noticed a quicksilver ooze
 11177 | Slime:5  | Got a starry gem with 378 turns to spare
 11178 | Slime:5  | Noticed a quicksilver ooze
 11179 | Slime:5  | Got a slimy rune of Zot
 11180 | Slime:5  | Identified the amulet "Zudygemp" {rN+++ Regen+}
 11180 | Slime:5  | Noticed an acid blob
 11183 | Slime:5  | Got the Cyclopedia of the Iceberg and the Scorpion
 11189 | Slime:5  | Noticed a quicksilver ooze
 11192 | Slime:5  | Identified the +11 great mace of the Seven Bounties {venom,
                  | Str+2}
 11199 | Slime:5  | Noticed a formless jellyfish
 11203 | Slime:5  | Identified the ring of the City {rPois rN+}
 11206 | Slime:5  | Got Lehudib's Lectures on Force and Geomancy
 11212 | Slime:5  | Noticed an azure jelly
 11213 | Slime:5  | Identified the staff "Arepiun" {rElec rCorr SInv Stlth+
                  | Summ Air}
 11221 | Slime:5  | Identified the staff "Armataur's Peril" {rElec rC+ rN+
                  | Necro}
 11223 | Slime:5  | Got the Vellum of Stoicism
 11226 | Slime:5  | Noticed a quicksilver ooze
 11234 | Slime:5  | Noticed an azure jelly
 11237 | Slime:5  | Noticed an azure jelly
 11253 | Slime:5  | Noticed a quicksilver ooze
 11300 | Slime:1  | Noticed a rockslime
 11548 | Lair:5   | Found the +1 robe of Vines {NoPotionHeal Regen++++}
 11819 | Lair:3   | Lost mutation: Your tail ends in a venomous barb. [Jiyva's
                  | grace]
 11819 | Lair:3   | Gained mutation: You are very robust. (+20% HP) [Jiyva's
                  | grace]
 11819 | Lair:3   | Gained mutation: You are extremely robust. (+30% HP)
                  | [Jiyva's grace]
 11819 | Lair:3   | Gained mutation: Your spells are a little harder to cast,
                  | but a little more powerful. [Jiyva's grace]
 11819 | Lair:3   | Gained mutation: Your spells are harder to cast, but more
                  | powerful. [Jiyva's grace]
 11873 | Lair:2   | Reached skill level 5 in Evocations
 12364 | Lair:2   | Found a staircase to the Snake Pit.
 12385 | Snake:1  | Entered Level 1 of the Snake Pit
 12487 | Snake:1  | Reached XP level 14. HP: 171/171 MP: 18/18
 12502 | Snake:1  | Identified the +1 leather armour "Kavvej" {Dex+4}
 12887 | Snake:1  | Reached skill level 10 in Alchemy
 12887 | Snake:1  | Reached XP level 15. HP: 175/180 MP: 19/19
 13497 | Snake:2  | Lost mutation: You are strong-willed. (Will+) [Jiyva's
                  | grace]
 13497 | Snake:2  | Lost mutation: You are extremely robust. (+30% HP) [Jiyva's
                  | grace]
 13497 | Snake:2  | Lost mutation: Your muscles are very strong. (Str +8,
                  | Int/Dex -2) [Jiyva's grace]
 13497 | Snake:2  | Lost mutation: Your spells are harder to cast, but more
                  | powerful. [Jiyva's grace]
 13497 | Snake:2  | Lost mutation: Your gelatinous body deflects attacks. (AC
                  | +3, EV +3) [Jiyva's grace]
 13497 | Snake:2  | Lost mutation: You have a small jelly attached to you that
                  | may absorb projectiles. [Jiyva's grace]
 13497 | Snake:2  | Gained mutation: You have hidden genetic potential.
                  | [Jiyva's grace]
 13497 | Snake:2  | Gained mutation: You have great hidden genetic potential.
                  | [Jiyva's grace]
 13497 | Snake:2  | Gained mutation: You have a pair of small antennae on your
                  | head. [Jiyva's grace]
 13497 | Snake:2  | Gained mutation: You have a pair of antennae on your head.
                  | [Jiyva's grace]
 13561 | Snake:2  | Found a transporter.
 13580 | Snake:2  | Found a transporter.
 13631 | Snake:2  | Reached skill level 15 in Fighting
 13774 | Snake:2  | Reached skill level 15 in Maces & Flails
 14135 | Snake:4  | Entered Level 4 of the Snake Pit
 14303 | Snake:4  | Reached XP level 16. HP: 163/181 MP: 20/20
 14406 | Snake:4  | Noticed Nikola
 14410 | Snake:4  | Found Linuas's Armour Shoppe.
 14430 | Snake:4  | Killed Nikola
 14445 | Snake:4  | Found Qiecli's Antique Armour Emporium.
 14448 | Snake:4  | Found Boryri's Book Shoppe.
 14481 | Snake:4  | Bought a distressingly furry chain mail for 332 gold pieces
 14481 | Snake:4  | Identified the +5 chain mail of Minor Irritation {Int+2}
                  | (You bought it in a shop on level 4 of the Snake Pit)
 14542 | Snake:4  | Gained mutation: You possess an exceptional clarity of
                  | mind. [hidden potential]
 14839 | Snake:4  | Got a jade gem with 109 turns to spare
 14842 | Snake:4  | Got a serpentine rune of Zot
 14951 | Snake:3  | Lost the jade gem through the power of Zot.
 14969 | Snake:4  | Lost mutation: You possess an exceptional clarity of mind.
                  | [Jiyva's grace]
 14969 | Snake:4  | Gained mutation: You have acidic saliva. [Jiyva's grace]
 14969 | Snake:4  | Gained mutation: Your flesh is cold resistant. (rC+)
                  | [Jiyva's grace]
 14969 | Snake:4  | Gained mutation: Your flesh is very cold resistant. (rC++)
                  | [Jiyva's grace]
 14969 | Snake:4  | Gained mutation: Your flesh is almost immune to the effects
                  | of cold. (rC+++) [Jiyva's grace]
 15338 | Snake:2  | Reached skill level 5 in Spellcasting
 15340 | Snake:2  | HP: 8/186 [mana viper[a naga ritualist] (10)]
 15510 | Snake:2  | Found a bloodstained altar of Trog.
 15912 | Snake:2  | Reached XP level 17. HP: 131/195 MP: 11/24
 15921 | Snake:2  | Identified the +0 pair of gloves "Yducw" {rF- rN+ Str+5}
 15926 | Snake:2  | Identified the ring "Muamief" {Will+ SInv}
 15931 | Snake:2  | Identified the ring "Ceawna" {rC+ Will+ Str+6}
 16245 | Lair:3   | Found a staircase to the Swamp.
 16272 | Swamp:1  | Entered Level 1 of the Swamp
 16546 | Swamp:3  | Identified the ring of Ignis, Flying {rElec rPois Str+3
                  | Int+6 Dex+3}
 16658 | Swamp:3  | Identified the +7 falchion "Xerr" {chaos, Stlth+}
 16779 | Swamp:4  | Entered Level 4 of the Swamp
 16872 | Swamp:4  | Reached skill level 10 in Armour
 16888 | Swamp:4  | Gained mutation: You are strong-willed. (Will+) [hidden
                  | potential]
 16888 | Swamp:4  | Lost mutation: You have great hidden genetic potential.
                  | [hidden potential expressed]
 17068 | Swamp:4  | Learned a level 4 spell: Ignite Poison
 17073 | Swamp:4  | Learned a level 4 spell: Leda's Liquefaction
 17243 | Swamp:4  | Reached skill level 1 in Fire Magic
 17303 | Swamp:4  | Noticed the 27-headed Lernaean hydra
 17314 | Swamp:4  | Killed the 27-headed Lernaean hydra
 17342 | Swamp:4  | Lost mutation: You have a pair of antennae on your head.
                  | [Jiyva's grace]
 17342 | Swamp:4  | Lost mutation: Your flesh is almost immune to the effects
                  | of cold. (rC+++) [Jiyva's grace]
 17342 | Swamp:4  | Lost mutation: You are strong-willed. (Will+) [Jiyva's
                  | grace]
 17342 | Swamp:4  | Lost mutation: You are very robust. (+20% HP) [Jiyva's
                  | grace]
 17342 | Swamp:4  | Lost mutation: Your pliable body absorbs attacks. (AC +2,
                  | EV +2) [Jiyva's grace]
 17342 | Swamp:4  | Gained mutation: Your pliable body absorbs attacks. (AC +2,
                  | EV +2) [Jiyva's grace]
 17342 | Swamp:4  | Gained mutation: Your gelatinous body deflects attacks. (AC
                  | +3, EV +3) [Jiyva's grace]
 17342 | Swamp:4  | Gained mutation: You are partially covered in iridescent
                  | scales. (AC +2) [Jiyva's grace]
 17342 | Swamp:4  | Gained mutation: You are mostly covered in iridescent
                  | scales. (AC +4) [Jiyva's grace]
 17371 | Swamp:4  | Got a mossy gem with 752 turns to spare
 17373 | Swamp:4  | Got a decaying rune of Zot
 18148 | Orc:1    | Entered Level 1 of the Orcish Mines
 18199 | Orc:2    | Entered Level 2 of the Orcish Mines
 18215 | Orc:2    | Found Qonaew's General Store.
 18231 | Orc:2    | Bought a potion of curing for 36 gold pieces
 18231 | Orc:2    | Bought a potion of ambrosia for 96 gold pieces
 18302 | Orc:2    | Found Hiutyog's Antique Weapon Emporium.
 18305 | Orc:2    | Found a staircase to the Elven Halls.
 18334 | Orc:2    | Found Jualitzun's Book Shop.
 18422 | Orc:2    | Lost mutation: You have acidic saliva. [Jiyva's grace]
 18422 | Orc:2    | Lost mutation: Your body is covered in eyes which may
                  | confuse attackers. (Acc +7, SInv) [Jiyva's grace]
 18422 | Orc:2    | Lost mutation: Your translucent skin slightly reduces your
                  | foes' accuracy. (Stealth+) [Jiyva's grace]
 18422 | Orc:2    | Gained mutation: You have sharp toenails. [Jiyva's grace]
 18422 | Orc:2    | Gained mutation: You have razor-sharp toenails. [Jiyva's
                  | grace]
 18422 | Orc:2    | Gained mutation: You have claws for feet. [Jiyva's grace]
 18422 | Orc:2    | Gained mutation: You have a small jelly attached to you
                  | that may absorb projectiles. [Jiyva's grace]
 18483 | Orc:2    | Found Urotilod's Antique Armour Shoppe.
 18507 | Orc:2    | Bought a distressingly furry ring mail for 261 gold pieces
 18507 | Orc:2    | Identified the +0 ring mail of Moral Flaws {Str+3} (You
                  | bought it in a shop on level 2 of the Orcish Mines)
 18911 | Elf:1    | Entered Level 1 of the Elven Halls
 18916 | Elf:1    | Reached XP level 18. HP: 190/190 MP: 21/27
 18940 | Elf:1    | Noticed Donald
 18944 | Elf:1    | Found a runed translucent gate.
 18944 | Elf:1    | Found a runed translucent gate.
 18944 | Elf:1    | Found a runed translucent gate.
 18956 | Elf:1    | Slimified Donald
 18956 | Elf:1    | Donald changed into Donald the azure jelly
 18956 | Elf:1    | Noticed Donald
 18963 | Elf:1    | Noticed Eseiphumn's ghost (adept MeFi)
 18965 | Elf:1    | Noticed Joboecuu's ghost (journeyman MiFi)
 18972 | Elf:1    | Reached skill level 1 in Shields
 19051 | Elf:1    | Killed Eseiphumn's ghost
 19081 | Elf:1    | Killed Joboecuu's ghost
 19157 | Elf:1    | Paralysed by an air elemental for 1 turns
 19170 | Elf:1    | Reached skill level 5 in Shields
 19318 | Elf:2    | Gained mutation: You are strong-willed. (Will+) [hidden
                  | potential]
 19354 | Elf:3    | Entered Level 3 of the Elven Halls
 19448 | Elf:3    | Paralysed by an air elemental for 1 turns
 19481 | Elf:3    | Paralysed by an air elemental for 1 turns
 19848 | Elf:3    | Noticed a Brimstone Fiend
 19851 | Elf:3    | Reached skill level 10 in Shields
 19860 | Elf:3    | Noticed a Tzitzimitl
 19893 | Elf:3    | Lost mutation: You have a pair of small antennae on your
                  | head. [Jiyva's grace]
 19893 | Elf:3    | Lost mutation: You are strong-willed. (Will+) [Jiyva's
                  | grace]
 19893 | Elf:3    | Lost mutation: Your gelatinous body deflects attacks. (AC
                  | +3, EV +3) [Jiyva's grace]
 19893 | Elf:3    | Lost mutation: Your pliable body absorbs attacks. (AC +2,
                  | EV +2) [Jiyva's grace]
 19893 | Elf:3    | Lost mutation: You have hidden genetic potential. [Jiyva's
                  | grace]
 19893 | Elf:3    | Lost mutation: You have a small jelly attached to you that
                  | senses nearby items. [Jiyva's grace]
 19893 | Elf:3    | Lost mutation: You have a small jelly attached to you that
                  | may absorb projectiles. [Jiyva's grace]
 19893 | Elf:3    | Gained mutation: You have acidic saliva. [Jiyva's grace]
 19893 | Elf:3    | Gained mutation: Your spells are harder to cast, but more
                  | powerful. [Jiyva's grace]
 19893 | Elf:3    | Gained mutation: Your spells are much harder to cast, but
                  | much more powerful. [Jiyva's grace]
 19893 | Elf:3    | Gained mutation: You have a pair of small horns on your
                  | head. [Jiyva's grace]
 19957 | Elf:3    | Found the +27 heavy crossbow "Sniper" {heavy, Acc+∞ SInv}
 19961 | Elf:3    | Got a shimmering gem with 812 turns to spare
 19966 | Elf:3    | Identified the +0 plate armour of Cuze Poh {rC++ rN+ Str+3}
 19966 | Elf:3    | Identified the ring of Yxenyt {rN+ Will+ MP+9 Str+4 Dex-3}
 19972 | Elf:3    | Noticed a Hell Sentinel
 20298 | Elf:2    | Noticed an Ice Fiend
 20301 | Elf:2    | Reached XP level 19. HP: 110/199 MP: 27/31
 20438 | Elf:2    | Found a shimmering blue altar of Sif Muna.
 20649 | Elf:2    | Found a runed translucent gate.
 20650 | Elf:2    | Found a runed translucent gate.
 20650 | Elf:2    | Found a runed translucent gate.
 20754 | Elf:2    | Identified the blade talisman of Patterns {rPois Int+2}
 20816 | Elf:2    | Lost the shimmering gem through the power of Zot.
 21078 | Elf:1    | Got the Parchment of Stolen Souls
 21381 | D:11     | Lost mutation: You have acidic saliva. [Jiyva's grace]
 21381 | D:11     | Gained mutation: You possess an exceptional clarity of
                  | mind. [Jiyva's grace]
 21381 | D:11     | Gained mutation: You are completely covered in iridescent
                  | scales. (AC +6) [Jiyva's grace]
 21381 | D:11     | Gained mutation: You have a pair of horns on your head.
                  | [Jiyva's grace]
 21381 | D:11     | Gained mutation: You have a pair of large horns on your
                  | head. [Jiyva's grace]
 21600 | D:12     | Found Poasheup's Book Shop.
 21637 | D:12     | Reached skill level 15 in Shields
 21681 | D:12     | Found Niext's Weapon Boutique.
 22224 | D:14     | Found a gate to the Vaults.
 22338 | D:14     | Noticed Josephine
 22348 | D:14     | Killed Josephine
 22619 | D:12     | Got the Secrets of Plaster Cramp
 22640 | D:12     | Got the Incunable of Axaxaxas mlö
 22651 | D:12     | Found Rubb's Magic Scroll Emporium.
 22663 | D:12     | Bought a scroll of enchant weapon for 97 gold pieces
 22664 | D:12     | Bought a scroll of revelation for 97 gold pieces
 22664 | D:12     | Bought a scroll of teleportation for 39 gold pieces
 22706 | D:12     | Lost mutation: You have a pair of large horns on your head.
                  | [Jiyva's grace]
 22706 | D:12     | Lost mutation: You are completely covered in iridescent
                  | scales. (AC +6) [Jiyva's grace]
 22706 | D:12     | Lost mutation: Your flesh is very cold resistant. (rC++)
                  | [Jiyva's grace]
 22706 | D:12     | Lost mutation: Your spells are much harder to cast, but
                  | much more powerful. [Jiyva's grace]
 22706 | D:12     | Gained mutation: Your flesh is very cold resistant. (rC++)
                  | [Jiyva's grace]
 22706 | D:12     | Gained mutation: Your flesh is almost immune to the effects
                  | of cold. (rC+++) [Jiyva's grace]
 22706 | D:12     | Gained mutation: Your mind is acute. (Int +4, Str/Dex -1)
                  | [Jiyva's grace]
 22706 | D:12     | Gained mutation: Your mind is very acute. (Int +8, Str/Dex
                  | -2) [Jiyva's grace]
 22838 | D:15     | Entered Level 15 of the Dungeon
 23155 | D:15     | Found a blossoming altar of Fedhas.
 23167 | D:15     | Reached XP level 20. HP: 203/210 MP: 10/32
 23173 | D:15     | Identified the ring of Ixtemum {rC+ Will+ Int+2}
 23340 | D:15     | Found a staircase to the Depths.
 23366 | Depths:1 | Entered Level 1 of the Depths
 23435 | Depths:4 | Entered Level 4 of the Depths
 23520 | Depths:3 | Found a runed translucent door.
 23523 | Depths:3 | Found a runed translucent door.
 23524 | Depths:3 | Found a runed translucent door.
 23626 | Depths:3 | Noticed a juggernaut
 23640 | Depths:3 | Killed a juggernaut
 23701 | Depths:3 | Noticed a juggernaut
 23701 | Depths:3 | Noticed a golden dragon
 23715 | Depths:3 | Killed a juggernaut
 23725 | Depths:3 | Killed a golden dragon
 23799 | Depths:3 | Reached skill level 5 in Fire Magic
 23852 | Depths:3 | Found a one-way gateway to a ziggurat.
 23946 | Zig:1    | Entered Level 1 of a ziggurat
 23960 | Zig:2    | Entered Level 2 of a ziggurat
 23973 | Zig:2    | Paralysed by a hornet for 2 turns
 23994 | Zig:3    | Entered Level 3 of a ziggurat
 24027 | Zig:4    | Entered Level 4 of a ziggurat
 24089 | Zig:5    | Entered Level 5 of a ziggurat
 24090 | Zig:5    | Noticed a bone dragon
 24278 | Depths:3 | Noticed a juggernaut
 24318 | Depths:3 | Noticed a caustic shrike
 24323 | Depths:3 | Killed a juggernaut
 24333 | Depths:3 | Killed a caustic shrike
 24334 | Depths:3 | Noticed a juggernaut
 24349 | Depths:3 | Killed a juggernaut
 24373 | Depths:3 | Found the +8 frozen axe "Frostbite" {freeze, freezing
                  | cloud, *Noise Fly rC+}
 24411 | Depths:3 | Identified the +8 battleaxe of Discomfort {freeze, rElec
                  | rF+++ Will- Int-5}
 24478 | Depths:3 | Lost mutation: You have claws for feet. [Jiyva's grace]
 24478 | Depths:3 | Lost mutation: You are mostly covered in iridescent scales.
                  | (AC +4) [Jiyva's grace]
 24478 | Depths:3 | Lost mutation: Your mind is very acute. (Int +8, Str/Dex
                  | -2) [Jiyva's grace]
 24478 | Depths:3 | Lost mutation: Your flesh is almost immune to the effects
                  | of cold. (rC+++) [Jiyva's grace]
 24478 | Depths:3 | Lost mutation: Your flesh is very cold resistant. (rC++)
                  | [Jiyva's grace]
 24478 | Depths:3 | Lost mutation: You are robust. (+10% HP) [Jiyva's grace]
 24478 | Depths:3 | Lost mutation: Your body has grown many eyes which may
                  | confuse attackers. (Acc +5) [Jiyva's grace]
 24478 | Depths:3 | Gained mutation: Your flesh is heat resistant. (rF+)
                  | [Jiyva's grace]
 24478 | Depths:3 | Gained mutation: Your flesh is very heat resistant. (rF++)
                  | [Jiyva's grace]
 24478 | Depths:3 | Gained mutation: Your flesh is almost immune to the effects
                  | of heat. (rF+++) [Jiyva's grace]
 24478 | Depths:3 | Gained mutation: You have a small jelly attached to you
                  | that senses nearby items. [Jiyva's grace]
 24506 | Depths:3 | Noticed a caustic shrike
 24515 | Depths:3 | Killed a caustic shrike
 24516 | Depths:3 | Reached XP level 21. HP: 122/200 MP: 11/33
 24645 | Depths:3 | Found a runed translucent door.
 24752 | Depths:3 | Noticed a golden dragon
 24768 | Depths:3 | Killed a golden dragon
 24837 | Depths:3 | Reached skill level 15 in Armour
 24848 | Depths:3 | Identified the +8 chain mail "Led Ydi" {Str+5 Int+3}
 24861 | Depths:3 | Identified the ring of Yghamome {Int-5 Dex+6 SInv}
 24887 | Depths:3 | Identified the +0 robe of Fun and Games {rElec Int+2}
 25040 | Depths:3 | Found a gateway to Hell.
 25059 | Depths:3 | Noticed an ancient lich
 25070 | Depths:3 | Killed an ancient lich
 25071 | Depths:3 | Reached skill level 10 in Evocations
 25115 | Depths:3 | Found a one-way gate to the infinite horrors of the Abyss.
 25124 | Depths:3 | Identified the +2 leather armour of the Desert {-Cast Harm
                  | rElec rPois}
 25144 | Depths:3 | Found a burning altar of Makhleb.
 25676 | Depths:4 | Found a gate to the Realm of Zot.
 25721 | Depths:4 | Reached skill level 1 in Earth Magic
 25756 | Depths:4 | Got a midnight gem with 932 turns to spare
 25758 | Zot:1    | Entered Level 1 of the Realm of Zot
 25777 | Zot:1    | Noticed an orb of fire
 25795 | Zot:1    | Killed an orb of fire
 25967 | Zot:1    | Noticed a dread lich
 25977 | Zot:1    | Killed a dread lich
 26005 | Zot:1    | Noticed an ancient lich
 26012 | Zot:1    | Reached XP level 22. HP: 198/206 MP: 11/35
 26021 | Zot:1    | Killed an ancient lich
 26214 | Zot:2    | Lost mutation: Your mind is acute. (Int +4, Str/Dex -1)
                  | [Jiyva's grace]
 26214 | Zot:2    | Lost mutation: Your flesh is cold resistant. (rC+) [Jiyva's
                  | grace]
 26214 | Zot:2    | Lost mutation: Your spells are harder to cast, but more
                  | powerful. [Jiyva's grace]
 26214 | Zot:2    | Gained mutation: Armour fits poorly on your pseudopods.
                  | [Jiyva's grace]
 26214 | Zot:2    | Gained mutation: Armour fits poorly on your large
                  | pseudopods. [Jiyva's grace]
 26214 | Zot:2    | Gained mutation: Armour fits poorly on your massive
                  | pseudopods. [Jiyva's grace]
 26214 | Zot:2    | Gained mutation: You are robust. (+10% HP) [Jiyva's grace]
 26509 | Zot:5    | Entered Level 5 of the Realm of Zot
 26512 | Zot:5    | Noticed a Killer Klown
 26517 | Zot:5    | Reached skill level 5 in Earth Magic
 26521 | Zot:5    | Killed a Killer Klown
 26579 | Zot:5    | Noticed a golden dragon
 26588 | Zot:5    | Killed a golden dragon
 26615 | Zot:5    | Noticed a golden dragon
 26637 | Zot:5    | Killed a golden dragon
 26789 | Zot:5    | Noticed a golden dragon
 26800 | Zot:5    | Killed a golden dragon
 26914 | Zot:5    | Noticed an orb of fire
 26932 | Zot:5    | Killed an orb of fire
 26972 | Zot:5    | Noticed an orb of fire
 26975 | Zot:5    | Gained mutation: You occasionally lose the ability to drink
                  | potions when taking damage. [an orb of fire]
 26976 | Zot:5    | Gained mutation: You occasionally shout uncontrollably at
                  | your foes. [an orb of fire]
 26976 | Zot:5    | Noticed a curse toe
 26984 | Zot:5    | Noticed an ancient lich
 26993 | Zot:5    | Killed an orb of fire
 26997 | Zot:5    | Noticed an ancient lich
 27001 | Zot:5    | Killed a curse toe
 27010 | Zot:5    | Noticed an orb of fire
 27014 | Zot:5    | Killed an ancient lich
 27021 | Zot:5    | Killed an orb of fire
 27022 | Zot:5    | Noticed an ancient lich
 27024 | Zot:5    | Noticed a Killer Klown
 27024 | Zot:5    | Noticed an orb of fire
 27033 | Zot:5    | Killed an ancient lich
 27044 | Zot:5    | Killed an orb of fire
 27047 | Zot:5    | Killed a Killer Klown
 27187 | Zot:5    | Reached XP level 23. HP: 202/237 MP: 9/36
 27225 | Zot:5    | Learned a level 4 spell: Sticky Flame
 27231 | Zot:5    | Learned a level 5 spell: Alistair's Intoxication
 27257 | Zot:5    | Noticed a Killer Klown
 27261 | Zot:5    | Got the Orb of Zot
 27291 | Zot:5    | Noticed an orb of fire
 27296 | Zot:5    | Killed a Killer Klown
 27304 | Zot:5    | Gained mutation: Your magical capacity is low. (-10% MP)
                  | [an orb of fire]
 27309 | Zot:5    | Gained mutation: You are dopey. (Int -2) [an orb of fire]
 27312 | Zot:5    | Killed an orb of fire
 27358 | Zot:5    | Noticed an orb of fire
 27362 | Zot:5    | Lost mutation: Your muscles are strong. (Str +4, Int/Dex
                  | -1) [an orb of fire]
 27891 | D:$      | Escaped with the Orb!

Illustrated notes

Levels and vault maps discovered:
D:1:      minmay_arrival_radiant_lines, layout_basic
D:2:      layout_loops_cross
D:3:      minmay_evil_eye, layout_basic, gammafunk_temple_overflow_wave,
          nicolae_ecumenical_pavilion, kennysheep_pointless_box
D:4:      minmay_goblin_kobold_castle, layout_gridville
D:5:      minmay_chambers_of_threes, layout_cave_pools, uniq_menkaure
D:6:      layout_loops_corners, gammafunk_ghost_stat_death, fountainhead,
          hangedman_abyss_or_decor_slice, minmay_manual_macuahuitl
D:7:      layout_basic, lemuel_coloured_pillars_altar,
          mainiacjoe_overflow_alcove_2, minmay_temple_entry_arrows,
          serial_co_window_serial, co_window_of_opportunity_a,
          co_window_paths_a, co_window_corner_a, co_window_paths_b,
          co_window_paths_a, co_window_corner_b, co_window_of_opportunity_b,
          co_window_of_opportunity_b, co_window_corner_ca, co_window_2corner,
          glass_columns_b, glass_columns_a, glass_columns_a, glass_columns_c
D:8:      layout_layer_cave, minmay_misc_feat_room
D:9:      layout_stronghold, zombieorc2_lemuel
D:10:     layout_long_grid, dpeg_lair_monsters, enter_trove_0,
          dk_noncrumbling_2, nicolae_fort_ynox
D:11:     layout_gridville
D:12:     layout_roguey, serial_shops, shop, nicolae_shop_tiny_glass, shop,
          bh_hangedman_babel_library
D:13:     nzn_winding_woodlands_huge [nzn_winding_woodlands_5x15_cabin,
          nzn_winding_woodlands_5x15_garden,
          nzn_winding_woodlands_5x15_sidewinder,
          nzn_winding_woodlands_5x15_lazy_stream,
          nzn_winding_woodlands_5x15_pathside_ponds,
          nzn_winding_woodlands_5x15_twine, nzn_winding_woodlands_5x15_jagged,
          nzn_winding_woodlands_5x15_pockets,
          nzn_winding_woodlands_5x15_sawtooth, nzn_winding_woodlands_5x15_pool,
          nzn_winding_woodlands_center_lodge,
          nzn_winding_woodlands_center_triple_pond,
          nzn_winding_woodlands_15x15_five_gardens], layout_rooms
D:14:     layout_long_grid, david_vaults_4, hex_medium, uniq_nessos,
          uniq_josephine
D:15:     grunt_enter_depths_hoard, layout_cave_pods, minmay_misc_feat_ornament,
          fedhas_altar_3
Temple:   eino_narrow_crystal_temple
Lair:1:   layout_layer_cave, beast_lair_carwin_8
Lair:2:   minmay_lair_oklob_chamber, layout_gridlike, alex1729_snake_entry_snake
Lair:3:   layout_loops_ring, alex1729_swamp_entry_worm_eleionoma
Lair:4:   layout_long_grid
Lair:5:   grunt_lair_end_beastmaster, layout_regular_city, slime_entry_1,
          hellmonk_guarded_unrand_vines, uniq_snorg, uniq_sonja
Swamp:1:  nicolae_swamp_flooded_prison, layout_basic_swamp, hangedman_swamp_pad
Swamp:2:  layout_basic_swamp, serial_swamp_ruin, evilmike_swamp_ruin_rubble_1,
          evilmike_swamp_ruin_house_2, evilmike_swamp_ruin_house_4
Swamp:3:  layout_basic_swamp, evilmike_swamp_ruin_house_5, swamp_pool_1_2,
          nicolae_swamp_some_circles, nicolae_swamp_soggy_hallways,
          nicolae_swamp_decorative_isthmus
Swamp:4:  swamp_old_school, layout_basic_swamp, swamp_pool_1_2
Snake:1:  layout_onion_interference, portal_ice_cave_entry_dragon,
          hangedman_snake_pattern, grunt_megastairs_5
Snake:2:  gammafunk_sealed_arena, layout_rooms, nicolae_snake_gridmaze_squiggle,
          lemuel_oklob_altar
Snake:3:  layout_misc_corridors
Snake:4:  grunt_snake_rune_pools, layout_rooms, minmay_shop_star, uniq_nikola
Slime:1:  nicolae_slime_pool, layout_caves, nicolae_slime_barrier,
          nicolae_slime_phagocytosis
Slime:2:  layout_caves
Slime:3:  layout_caves
Slime:4:  layout_caves, uniq_dissolution
Slime:5:  slime_pit_nicolae_amoeboid
Orc:1:    layout_diamond_mine
Orc:2:    grunt_orc_gardens, layout_caves, grunt_orc_garden, grunt_orc_garden,
          grunt_orc_garden, grunt_orc_garden
Elf:1:    eino_elf_arrival_sip, layout_loops_cross, gammafunk_ghost_cemetery,
          minmay_elf_necromancy, nicolae_elf_glass_and_crystal_pillar_2,
          uniq_donald
Elf:2:    nicolae_elf_blades_crystal_corner, layout_loops_corners,
          serial_sigils, serial_sigils_hangedman_stare,
          serial_sigils_hangedman_leer, serial_sigils_hangedman_quiver,
          serial_sigils_hangedman_quiver, chequers_hall_statues_wall_a,
          guppyfry_elf_altar
Elf:3:    elf_hall, layout_geoelf_octagon, abandoned_shop
Depths:1: layout_gridlike, hellmouth_2, elyvilon_altar_4, serial_shops,
          nicolae_shop_bloodbath_and_beyond, shop, wad_floor_pattern_untrapped,
          nicolae_uskayaw_dance_hall
Depths:2: hangedman_elemental_death_ray, layout_gridlike,
          hangedman_abyss_entry_splay, grunt_hell_entry_dis_mu,
          grunt_pan_entry_zigzag, serial_shops, shop, minmay_misc_feat_rows,
          ashenzari_altar_1, grunt_megastairs_2, uniq_mara
Depths:3: minmay_the_grid_ultimate [minmay_the_grid_prize_diamond_cup,
          minmay_the_grid_prize_four_corners,
          minmay_the_grid_prize_four_corners_diamond_b,
          minmay_the_grid_prize_shrinking_boxes, minmay_the_grid_square_5x5_n,
          minmay_the_grid_square_5x5_shrine1,
          minmay_the_grid_square_5x5_two_walls_a,
          minmay_the_grid_square_5x5_shrine2,
          minmay_the_grid_square_5x5_sharp_hourglass,
          minmay_the_grid_square_5x5_spiral,
          minmay_the_grid_square_5x5_pentomino_r,
          minmay_the_grid_square_5x5_dogpile, minmay_the_grid_square_5x5_corner,
          minmay_the_grid_square_5x5_minibox,
          minmay_the_grid_square_5x5_one_wall,
          minmay_the_grid_square_5x5_gyroscope, minmay_the_grid_square_5x5_z,
          minmay_the_grid_square_5x5_two_walls_b,
          minmay_the_grid_square_5x5_moneybag,
          minmay_the_grid_triangle_9x9_stretched_checkered,
          minmay_the_grid_triangle_9x9_odd_lines,
          minmay_the_grid_triangle_9x9_fully_insulated_deathbox,
          minmay_the_grid_triangle_9x9_shrine,
          minmay_the_grid_triangle_9x9_skeleton,
          minmay_the_grid_triangle_9x9_pentomino_pain,
          minmay_the_grid_triangle_9x9_alien,
          minmay_the_grid_triangle_9x9_sprig,
          minmay_the_grid_triangle_9x9_impossible_snake,
          minmay_the_grid_triangle_9x9_subtriangle,
          minmay_the_grid_triangle_9x9_minimal,
          minmay_the_grid_triangle_9x9_negative_grid,
          minmay_the_grid_triangle_9x9_limited_checkers,
          minmay_the_grid_triangle_9x9_from_above,
          minmay_the_grid_triangle_9x9_dagger,
          minmay_the_grid_triangle_9x9_descending_squares,
          minmay_the_grid_square_5x5_bite, minmay_the_grid_octo_77,
          minmay_the_grid_octo_clover, minmay_the_grid_octo_checkered,
          minmay_the_grid_octo_fat_diamond, minmay_the_grid_octo_checkerflower,
          minmay_the_grid_octo_concentric, minmay_the_grid_octo_odd_swirl,
          minmay_the_grid_octo_teeth, minmay_the_grid_mess,
          minmay_the_grid_aliased_spiral, minmay_the_grid_outer_circle,
          minmay_the_grid_armoury], hell_entry, abyss_entry
Depths:4: grunt_zot_entry_alcove, layout_cave_pools, serial_column_ruins,
          column_ruins_portal_squares, column_ruins_temple_hut,
          column_ruins_columns_straight, column_ruins_open_large,
          column_ruins_grid_1, column_ruins_open_tiny,
          column_ruins_columns_straight, column_ruins_grid_1,
          column_ruins_corridor_plus, minmay_fountain_box,
          pf_hell_entry_tar_spiral, minmay_hedge_maze
Zot:1:    hangedman_snap_crack_crunch, layout_onion
Zot:2:    layout_onion_interference, regret_index_zotdec_serpentine_scales,
          kennysheep_underground_church, regret_index_zotdec_twisting_globes
Zot:3:    layout_onion
Zot:4:    layout_misc_corridors, nicolae_rock_paper_scissors
Zot:5:    layout_misc_corridors, st_stairs_4, grunt_ministairs_6,
          bh_zot_levy_curve

Skill      XL: |  1  2  3  4  5  6  7  8  9 10 11 12 13 14 15 16 17 18 19 20 21 22 23 |
---------------+----------------------------------------------------------------------+-----
Armour         | 1 2 4 5 8 11 13 14 16 18 | 18.9
Fighting       | 1 2 3 4 6 8 10 11 13 14 16 17 18 19 20 | 20.2
Maces & Flails | 1 2 3 4 6 8 10 11 12 13 14 15 16 | 16.0
Dodging        | 2 4 |  4.0
Evocations     | 1 2 5 6 9 10 | 10.5
Spellcasting   | 2 3 5 6 8 9 |  9.0
Alchemy        | 4 5 7 9 10 11 12 | 12.0
Fire Magic     | 4 5 6 8 |  8.0
Shields        | 11 15 16 18 19 20 | 20.0
Earth Magic    | 3 7 8 |  8.0
Stealth        | |  2.1
Unarmed Combat | |  0.6
Conjurations   | |  0.8

Action                     |  1- 3 |  4- 6 |  7- 9 | 10-12 | 13-15 | 16-18 | 19-21 | 22-24 || total
---------------------------+-------+-------+-------+-------+-------+-------+-------+-------++-------
  Melee: Unarmed           |    29 |       |       |       |       |       |       |       ||    29
         Tailslap          |    11 |    40 |    37 |   110 |   145 |   225 |   277 |    99 ||   944
         Whip              |    81 |   302 |   169 |       |       |       |       |       ||   552
         Dagger            |    23 |       |       |       |       |       |       |       ||    23
         Punch             |       |     3 |     5 |    10 |     9 |    26 |       |       ||    53
         Flail             |       |       |    54 |       |       |       |       |       ||    54
         Morningstar       |       |       |    73 |   588 |   612 |   999 |   125 |       ||  2397
         Staff             |       |       |       |       |    53 |    12 |       |       ||    65
         Great mace        |       |       |       |       |     4 |       |       |       ||     4
         Bite              |       |       |       |       |       |    93 |    22 |       ||   115
         Headbutt          |       |       |       |       |       |     9 |   383 |   124 ||   516
         Eveningstar       |       |       |       |       |       |       |  1139 |   430 ||  1569
         Pseudopods        |       |       |       |       |       |       |       |   110 ||   110
  Throw: Boomerang         |       |       |       |       |       |     1 |       |       ||     1
   Cast: Sting             |       |     6 |     9 |     1 |     1 |       |       |     2 ||    19
         Olgreb's Toxic Ra |       |       |       |     2 |       |    56 |    87 |    33 ||   178
         Ignite Poison     |       |       |       |       |       |    26 |    30 |    19 ||    75
         Leda's Liquefacti |       |       |       |       |       |       |     1 |       ||     1
 Invoke: Oozemancy         |       |       |     2 |     2 |     5 |     6 |     1 |       ||    16
         Slimify           |       |       |       |       |       |     1 |     1 |       ||     2
Ability: Evoke Blink       |       |       |       |       |       |     1 |       |       ||     1
  Evoke: Wand              |     1 |     5 |     2 |     2 |     9 |     9 |     1 |     1 ||    30
         Condenser vane    |       |       |       |       |     1 |     4 |       |       ||     5
    Use: Scroll            |     3 |     6 |       |     2 |    11 |     5 |     9 |     6 ||    42
         Potion            |       |     3 |     2 |     3 |     7 |     5 |     1 |     3 ||    24
   Stab: Sleeping          |     5 |     4 |     1 |    16 |    18 |       |       |       ||    44
         Distracted        |       |     1 |       |     2 |     2 |       |       |       ||     5
         Invisible         |       |     3 |       |       |       |       |       |       ||     3
         Confused          |       |       |       |    11 |    32 |    26 |    15 |     3 ||    87
         Petrified         |       |       |       |     2 |     4 |       |     1 |       ||     7
         Fleeing           |       |       |       |       |     1 |       |       |       ||     1
 Armour: Robe              |    92 |   227 |     6 |       |       |       |       |       ||   325
         Ring mail         |       |       |   231 |    29 |       |       |       |       ||   260
         Skin              |       |       |    46 |       |       |       |       |       ||    46
         Steam dragon scal |       |       |       |   388 |   539 |    42 |       |       ||   969
         Chain mail        |       |       |       |       |       |  1160 |  1270 |   472 ||  2902
  Dodge: Dodged            |    64 |   230 |   260 |   607 |   316 |   340 |   284 |   108 ||  2209
  Block: Kite shield       |       |       |       |       |       |       |   574 |   237 ||   811
         Reflection        |       |       |       |       |       |       |    28 |     1 ||    29

Table legend: (Time is in decaauts)
 A = Elapsed time spent in this place.
 B = Non-inter-level travel time spent in this place.
 C = Inter-level travel time spent in this place.
 D = Time resting spent in this place.
 E = Time spent auto-exploring this place.
 F = Levels seen in this place.
 G = Mean time per level.
                   A        B        C        D        E       F      G
               +--------+--------+--------+--------+--------+-----+--------+
         Total |  26993 |  23651 |   3342 |    944 |   6969 |  53 |  509.3 |
       Dungeon |  11887 |  10623 |   1264 |    405 |   5689 |  15 |  792.5 |
        Temple |      1 |      1 |      0 |      0 |      0 |   1 |    1.0 |
          Lair |   2986 |   2724 |    262 |     28 |    484 |   5 |  597.2 |
         Swamp |   1462 |   1239 |    223 |     26 |     19 |   4 |  365.5 |
     Snake Pit |   3424 |   2913 |    511 |    284 |    674 |   4 |  856.0 |
    Slime Pits |    405 |    286 |    119 |      0 |     32 |   5 |   81.0 |
  Orcish Mines |    853 |    650 |    203 |      0 |     13 |   2 |  426.5 |
   Elven Halls |   2145 |   1858 |    287 |     20 |      7 |   3 |  715.0 |
        Depths |   2117 |   1805 |    312 |     50 |     51 |   4 |  529.2 |
           Zot |   1566 |   1407 |    159 |    127 |      0 |   5 |  313.2 |
      Ziggurat |    141 |    141 |      0 |      4 |      0 |   5 |   28.2 |
               +--------+--------+--------+--------+--------+-----+--------+

Top non-repeatable levels by time:
Depths:3: 1754 daAuts
     D:4: 1289 daAuts
 Snake:1: 1151 daAuts
     D:3: 1081 daAuts
     D:7: 1057 daAuts
     D:8: 1018 daAuts
     D:6: 994 daAuts
     D:9: 991 daAuts
     D:2: 984 daAuts
 Snake:2: 897 daAuts
    D:10: 874 daAuts
 Snake:4: 868 daAuts
   Elf:3: 839 daAuts
  Lair:2: 811 daAuts
  Lair:5: 789 daAuts
